 Dungeon Crawl Stone Soup version 0.26-a0-438-g4b1dca4f87 (webtiles) character file.

Game seed: 14712802290732689256

193840 Ge0ff the Fencer (level 18, -4/147 HPs)
             Began as a Human Berserker on July 26, 2020.
             Was an Elder of Trog.
             Slain by a tentacle (12 damage)
             ... attached to a kraken
             ... on level 1 of the Shoals.
             The game lasted 01:20:15 (39831 turns).

Ge0ff the Fencer (Human Berserker)                 Turns: 39831, Time: 01:20:16

Health: -4/147     AC: 37    Str: 27    XL:     18   Next: 97%
Magic:  0/27       EV: 11    Int: 18    God:    Trog [****..]
Gold:   2974       SH:  0    Dex: 15    Spells: 17/17 levels left

rFire    + . .     SeeInvis .   a - +11 war axe of Bloody Death {vorpal, *Drain rPois MR+ Int+3}
rCold    . . .     Faith    .   (no shield)
rNeg     + . .     Spirit   +   R - +0 crystal plate armour
rPois    +         Reflect  .   Q - +1 helmet
rElec    +         Harm     .   h - scarf {rC+ rF+}
rCorr    .                      t - +2 pair of gloves
MR       ++...                  z - +1 pair of boots of Jaelal {rElec rC- rN+ Str+4}
Stlth    ..........             D - amulet of guardian spirit
HPRegen  0.34/turn              n - +4 ring of protection {=R}
MPRegen  0.20/turn              Z - ring "Osuaguloes" {MP+9 AC+4 Int+7}

@: flying, hasted and slowed
A: no striking features
}: 1/15 runes: gossamer
a: Berserk, Trog's Hand, Brothers in Arms, Renounce Religion


You were on level 1 of the Shoals.
You worshipped Trog.
Trog was greatly pleased with you.
You visited 6 branches of the dungeon, and saw 29 of its levels.
You also visited: Gauntlet and Ice Cave.

You collected 3276 gold pieces.
You spent 302 gold pieces at shops.

Inventory:

Hand Weapons
 a - the +11 war axe of Bloody Death (weapon) {vorpal, *Drain rPois MR+ Int+3}
   (You found it on level 7 of the Dungeon)

   It inflicts extra damage upon your enemies.
   It affects your intelligence (+3).
   It protects you from poison.
   It affects your resistance to hostile enchantments.
   It causes draining when unequipped.
 b - a +2 eveningstar of protection
 v - the +8 arc blade {discharge, rElec}
   (Trog gifted it to you on level 9 of the Dungeon)

   It insulates you from electricity.
 w - a +1 antimagic triple sword
Missiles
 g - 2 throwing nets {=f}
 u - 970 stones (quivered)
Armour
 h - a scarf of resistance (worn)
 t - a +2 pair of gloves (worn)
 z - the +1 pair of boots of Jaelal (worn) {rElec rC- rN+ Str+4}
   (You found it in a Gauntlet)

   It affects your strength (+4).
   It makes you vulnerable to cold.
   It insulates you from electricity.
   It protects you from negative energy.
 Q - a +1 helmet (worn)
 R - a +0 crystal plate armour (worn)
Jewellery
 n - a +4 ring of protection (left hand) {=R}
 D - an amulet of guardian spirit (around neck)
 S - an uncursed ring of see invisible
 Y - an uncursed ring of ice
 Z - the ring "Osuaguloes" (right hand) {MP+9 AC+4 Int+7}
   (You found it on level 1 of the Spider Nest)

   [ring of protection]

   It affects your AC (+4).
   It affects your intelligence (+7).
   It affects your magic capacity (+9).
Wands
 d - a wand of digging (7)
 e - a wand of enslavement (22)
 f - a wand of flame (8)
 j - a wand of acid (16)
 p - a wand of paralysis (1)
Scrolls
 i - 2 scrolls of identify
 m - 2 scrolls of magic mapping
 y - a scroll of immolation
 B - 2 scrolls of blinking
 C - 7 scrolls of remove curse
 E - 2 scrolls of fear
 F - 4 scrolls of fog
 T - 5 scrolls of teleportation
 V - 2 scrolls of vulnerability
Potions
 o - 2 potions of ambrosia
 q - 10 potions of curing
 s - 2 potions of stabbing
 H - 5 potions of haste {!q}
 I - 4 potions of invisibility
 K - 3 potions of magic {!q}
 L - 3 potions of lignification
 M - a potion of might
 N - a potion of cancellation {!q}
 W - 3 potions of heal wounds {!q}
 X - 6 potions of flight
Miscellaneous
 O - 4 boxes of beasts
 U - a phantom mirror


   Skills:
 + Level 14.4 Fighting
 * Level 15.4 Long Blades
 + Level 7.7(12.5) Axes
 * Level 15.2(15.8) Maces & Flails
 + Level 11.1 Armour
 - Level 10.2 Dodging
 - Level 2.0 Stealth
 + Level 10.7 Evocations


You had 17 spell levels left.
You didn't know any spells.
Your spell library was empty.

Dungeon Overview and Level Annotations

Branches:
Dungeon (15/15)            Temple (1/1) D:6            Lair (6/6) D:11
 Shoals (1/4) Lair:4       Spider (4/4) Lair:3        Slime (0/5) Lair:5
    Orc (2/2) D:12            Elf (0/3) Orc:2        Vaults (0/5) D:14
 Depths (0/5) D:15          IceCv (visited)         Gauntlet (visited)

Altars:
Dithmenos
Fedhas
Okawaru
Sif Muna
Wu Jian
Xom
Zin
Beogh

Shops:
D:4 (   D:8 :   D:9 [   D:11 [   Orc:1 !   Orc:2 =([(

Annotations:
D:13 2 runed translucent doors, exclusion: 2 doors, Ysi Cemn's ghost, journeyman GrEE
Lair:1 stash
Orc:2 exclusion: 2 orange crystal statues


Message History

You kill the tentacle!
You slash the tentacle! The tentacle slaps you!
* * * LOW HITPOINT WARNING * * *
The tentacle slaps you but does no damage.
The tentacle slaps you!
* * * LOW HITPOINT WARNING * * *
The tentacle slaps you but does no damage. x3
You slice the tentacle!!
You kill the tentacle!
You hit the tentacle but do no damage. You hit the tentacle.
The tentacle slaps you but does no damage.
The tentacle slaps you!
* * * LOW HITPOINT WARNING * * *
You slash the tentacle!
You kill the tentacle!
You hit the tentacle. The tentacle slaps you!
* * * LOW HITPOINT WARNING * * *
A sea snake comes into view.
The tentacle slaps you!
You die...

≈≈≈≈≈≈≈≈≈..
≈≈≈≈≈≈.≈..#
≈≈≈≈≈≈.≈..##
)≈≈≈≈≈≈≈≈..##
≈≈.....
..≈≈≈≈≈≈≈≈..##S
≈≈.....
..≈≈≈≈≈(≈...)..
≈≈.....
.(≈≈≈≈w≈≈≈..≈≈≈
≈≈.....
..≈≈≈§§@≈≈.≈≈≈≈
≈≈≈....
.≈≈≈≈§§≈≈≈≈≈≈≈≈
≈≈≈≈...
.≈≈≈X§§≈.≈≈≈≈≈≈
≈≈≈≈≈..
≈≈≈≈≈§§.....≈≈≈
..≈≈≈≈≈≈
≈≈≈≈≈≈§.##...≈≈
.≈≈≈≈...
≈≈≈≈≈≈§.# #...≈
)≈≈≈...
≈≈≈≈≈≈≈.# ....
)....##
≈≈≈≈≈≈≈.. ...
....≈.##!


You could see a sea snake (wandering) and a tentacle.

Vanquished Creatures
  An Ice Fiend (IceCv)
  4 emperor scorpions (Spider:4)
  5 ghost moths
  Louise (Spider:2)
  An orc warlord (Orc:2)
  3 entropy weavers
  Nessos (Orc:2)
  A minotaur (Gauntlet)
  3 spark wasps
  An ettin (D:15)
  A fire dragon (Lair:6)
  Josephine (Lair:6)
  Harold (D:8)
  A vault guard (D:14)
  8 hydras
  The ghost of kelmiir the Nimble, a journeyman GnWn of Vehumet (D:12)
  2 catoblepae
  A merfolk avatar (Shoals:1)
  4 two-headed ogres
  A deep troll shaman (Lair:6)
  2 centaur warriors
  8 death yaks
  A merfolk aquamancer (Shoals:1)
  2 tengu warriors
  An orc high priest (Orc:2)
  Urug (Orc:1)
  3 skeletal warriors (D:12)
  A deep troll (D:15)
  A glowing orange brain (Gauntlet)
  A sea snake (Shoals:1)
  2 unseen horrors (D:14)
  2 orange crystal statues (Orc:2)
  A wolf spider zombie (D:14)
  3 orc knights
  2 orc sorcerers
  A deep elf mage (D:14)
  20 orb spiders
  33 wolf spiders
  3 moths of wrath
  4 cyclopes
  2 manticores
  11 ugly things
  3 fauns (Shoals:1)
  4 black mambas
  Joseph (D:9)
  A smoke demon (Gauntlet)
  19 elephants
  3 torpor snails
  7 cane toads
  4 ice statues (IceCv)
  A gargoyle (D:11)
  A minotaur zombie (Gauntlet)
  An efreet (D:15)
  8 komodo dragons
  A spectral redback (D:12)
  5 rime drakes
  3 anaconda simulacra (IceCv)
  9 ice devils (IceCv)
  7 demonic crawlers
  2 tengu conjurers
  A golden dragon simulacrum (IceCv)
  A red devil (Gauntlet)
  A queen bee (shapeshifter) (D:15)
  16 jumping spiders
  2 merfolk (Shoals:1)
  A queen bee (Gauntlet)
  4 polar bears
  8 hornets
  5 trolls
  A wind drake (Shoals:1)
  4 blink frogs (Lair:4)
  16 hippogriffs
  2 centaur simulacra (D:12)
  38 tarantellas
  A shadow (D:15)
  60 redbacks
  7 wraiths
  44 yaks
  A vampire (D:11)
  3 dire elephant simulacra (IceCv)
  4 water elementals (Shoals:1)
  7 basilisks
  A hog (shapeshifter) (D:14)
  4 steam dragons
  6 vampire mosquitoes
  An iron troll simulacrum (IceCv)
  2 soldier ants
  A harpy simulacrum (IceCv)
  2 wargs
  Duvessa (D:5)
  12 water moccasins
  An ettin simulacrum (IceCv)
  3 black bears
  7 porcupines
  32 orc warriors
  4 ice beasts
  15 ogres
  2 sky beasts
  An eye of draining (D:15)
  2 necrophages
  24 centaurs
  7 wolves
  7 crocodiles
  4 big kobolds
  Dowan (D:5)
  23 bullfrogs
  3 wyvern skeletons
  6 scorpions
  14 killer bees
  26 wights
  7 howler monkeys
  10 electric eels
  4 crimson imps (Gauntlet)
  A bullfrog zombie (D:6)
  5 centaur zombies
  5 jellies
  7 hounds
  A quasit (D:15)
  21 orc priests
  2 bullfrog skeletons
  4 centaur skeletons
  2 iguanas (D:5)
  29 orc wizards
  10 worker ants
  A hound skeleton (D:4)
  A hound zombie (D:6)
  A worker ant zombie (D:9)
  A howler monkey skeleton (D:8)
  10 gnolls
  13 adders
  A river rat (D:11)
  A shadow imp (D:9)
  3 white imps
  4 ufetubi
  An ooze (D:3)
  2 adder zombies
  3 adder skeletons
  2 dart slugs
  9 leopard geckos
  113 orcs
  4 ball pythons
  8 bats
  10 giant cockroaches
  5 goblins
  4 hobgoblins
  28 jackals
  6 quokkas
  5 frilled lizards
  2 jackal skeletons (D:5)
  27 kobolds
  6 rats
  2 fungi (Lair:6)
  6 plants (Lair:6)
  3 tentacles (Shoals:1)
1056 creatures vanquished.

Vanquished Creatures (collateral kills)
  Arachne (Spider:1)
  Jorgrun (D:13)
  Asterion (Spider:4)
  An emperor scorpion (Spider:4)
  An entropy weaver (Spider:2)
  A spark wasp (Spider:4)
  A hydra (Lair:3)
  A two-headed ogre (D:15)
  6 death yaks
  A spectral wolf spider (D:12)
  3 orb spiders
  6 wolf spiders
  A wolf spider zombie (D:12)
  A spectral centaur (D:12)
  A centaur zombie (D:13)
  A cane toad (Lair:3)
  4 rime drakes (Lair:6)
  5 demonic crawlers
  8 jumping spiders
  A wolf spider simulacrum (D:12)
  5 redbacks
  A basilisk (D:15)
  3 tarantellas
  3 steam dragons (Lair:6)
  A water moccasin (D:11)
  2 porcupines (D:11)
  A meliai simulacrum (D:12)
  A phantom (D:11)
  A crocodile (Lair:6)
  3 killer bees (D:11)
  2 bullfrog zombies (D:11)
  A river rat (D:11)
  3 quokkas (D:11)
73 creatures vanquished.

Vanquished Creatures (others)
  A rime drake (Lair:6)
  A tarantella (Spider:1)
  An electric eel (Lair:6)
  A jackal (D:6)
  A rat (D:3)
  2 bushes
  A demonic plant (Gauntlet)
  A fungus (Lair:6)
  10 plants
  A tentacle (Shoals:1)
20 creatures vanquished.

Grand Total: 1149 creatures vanquished

Notes
Turn   | Place    | Note
-------+----------+-------------------------------------------
     0 | D:1      | Ge0ff the Human Berserker began the quest for the Orb.
     0 | D:1      | Reached XP level 1. HP: 18/18 MP: 1/1
   342 | D:1      | Reached XP level 2. HP: 24/24 MP: 2/2
   380 | D:1      | Reached skill level 1 in Stealth
   549 | D:1      | Reached XP level 3. HP: 24/29 MP: 3/3
   936 | D:2      | Reached ** piety under Trog
  1042 | D:2      | Reached XP level 4. HP: 33/35 MP: 4/4
  1706 | D:2      | Found a shimmering blue altar of Sif Muna.
  2036 | D:3      | Reached skill level 5 in Long Blades
  2036 | D:3      | Reached XP level 5. HP: 41/41 MP: 5/5
  2733 | D:4      | Noticed an ice beast
  2738 | D:4      | Reached XP level 6. HP: 47/47 MP: 6/6
  2745 | D:3      | Killed an ice beast
  2911 | D:3      | Reached *** piety under Trog
  2911 | D:3      | Reached XP level 7. HP: 41/52 MP: 7/7
  3622 | D:4      | Found Jes Fap's Weapon Shoppe.
  3696 | D:5      | Entered Level 5 of the Dungeon
  3951 | D:5      | Noticed Duvessa
  3951 | D:5      | Noticed Dowan
  3960 | D:5      | Killed Duvessa
  3960 | D:5      | Reached skill level 1 in Maces & Flails
  3960 | D:5      | Reached XP level 8. HP: 60/60 MP: 8/8
  3965 | D:5      | Killed Dowan
  4538 | D:5      | Got a transparent iron amulet
  4670 | D:6      | Identified the amulet "Rommufof" {Inacc rElec rF- MR+
                  | Str+2} (You found it on level 5 of the Dungeon)
  4710 | D:6      | Found a staircase to the Ecumenical Temple.
  4718 | Temple   | Entered the Ecumenical Temple
  4737 | D:6      | Reached **** piety under Trog
  5160 | D:6      | Reached skill level 5 in Fighting
  5160 | D:6      | Reached skill level 1 in Evocations
  5160 | D:6      | Reached XP level 9. HP: 68/68 MP: 9/9
  5180 | D:6      | Reached skill level 5 in Maces & Flails
  5559 | D:6      | Noticed a hippogriff
  5597 | D:6      | Killed a hippogriff
  7136 | D:7      | Found a blossoming altar of Fedhas.
  7296 | D:7      | Reached XP level 10. HP: 74/74 MP: 10/10
  7542 | D:7      | Got a bloodstained war axe
  7543 | D:7      | Identified the +11 war axe of Bloody Death {vorpal, *Drain
                  | rPois MR+ Int+3} (You found it on level 7 of the Dungeon)
  7768 | D:8      | Noticed Harold
  7843 | D:8      | Killed Harold
  7923 | D:8      | Reached ***** piety under Trog
  8157 | D:8      | Found Saiczerr's Book Boutique.
  8162 | D:8      | Reached skill level 5 in Armour
  8185 | D:8      | Noticed a two-headed ogre
  8188 | D:8      | Killed a two-headed ogre
  8815 | D:9      | Noticed Joseph
  8828 | D:9      | Killed Joseph
  8828 | D:9      | Reached XP level 11. HP: 69/81 MP: 11/11
  8909 | D:9      | Reached XP level 12. HP: 100/100 MP: 12/12
  8932 | D:9      | Found Esuifev's Armour Boutique.
  9030 | D:9      | Found an ornate altar of the Wu Jian Council.
  9031 | D:9      | Found a glowing silver altar of Zin.
  9031 | D:9      | Found a shadowy altar of Dithmenos.
  9033 | D:9      | Found a shimmering altar of Xom.
  9033 | D:9      | Found an iron altar of Okawaru.
  9279 | D:9      | Received a gift from Trog
  9280 | D:9      | Found the +8 arc blade {discharge, rElec}
  9383 | D:10     | Entered Level 10 of the Dungeon
 10230 | D:10     | Noticed a two-headed ogre
 10238 | D:10     | Killed a two-headed ogre
 10572 | D:10     | Identified the Grimoire of Intoxication
 10655 | D:11     | Found a gate leading to a gauntlet.
 10660 | D:11     | Noticed a death yak
 10661 | D:11     | Noticed a death yak
 10664 | D:11     | Noticed a death yak
 10670 | D:11     | Killed a death yak
 10671 | D:11     | Killed a death yak
 10673 | D:11     | Killed a death yak
 10678 | D:11     | Found a staircase to the Lair.
 10680 | D:11     | Reached skill level 10 in Maces & Flails
 10680 | D:11     | Reached ****** piety under Trog
 10683 | D:11     | Reached skill level 10 in Long Blades
 10693 | Gauntlet | Entered a Gauntlet
 10693 | Gauntlet | Found a transporter.
 10738 | Gauntlet | Found a transporter.
 10750 | Gauntlet | Found a transporter.
 10751 | Gauntlet | Found a transporter.
 10753 | Gauntlet | Noticed a death ooze
 10760 | Gauntlet | Found a transporter.
 10774 | Gauntlet | Found a runed translucent door.
 10775 | Gauntlet | Found a transporter.
 10776 | Gauntlet | Found a runed translucent door.
 10778 | Gauntlet | Noticed a death drake
 10785 | Gauntlet | Found a transporter.
 10795 | Gauntlet | Found a transporter.
 10805 | Gauntlet | Found a transporter.
 10805 | Gauntlet | Found a transporter.
 10809 | Gauntlet | Noticed a glowing orange brain
 10814 | Gauntlet | Found a transporter.
 10816 | Gauntlet | Found a transporter.
 10818 | Gauntlet | Found a transporter.
 10854 | Gauntlet | Found a transporter.
 10917 | Gauntlet | Reached skill level 5 in Evocations
 11360 | Gauntlet | Killed a glowing orange brain
 11512 | Gauntlet | Got a pair of masterwork boots
 11518 | Gauntlet | Identified the +1 pair of boots of Jaelal {rElec rC- rN+
                  | Str+4} (You found it in a Gauntlet)
 11531 | Gauntlet | Noticed a minotaur
 11542 | Gauntlet | Killed a minotaur
 11542 | Gauntlet | Reached skill level 5 in Dodging
 11542 | Gauntlet | Reached XP level 13. HP: 12/107 MP: 13/13
 12072 | D:11     | Found Mity's Armour Emporium.
 12655 | D:11     | Received a gift from Trog
 13174 | D:12     | Found a runed translucent gate.
 13174 | D:12     | Found a runed translucent gate.
 13362 | D:12     | Found a runed translucent gate.
 13362 | D:12     | Noticed kelmiir's ghost (journeyman GnWn)
 13856 | D:12     | Found a staircase to the Orcish Mines.
 14040 | D:11     | Identified a +0 pair of boots of running (You found it on
                  | level 11 of the Dungeon)
 14321 | D:13     | Found a runed translucent door.
 14322 | D:13     | Noticed an iron dragon
 14323 | D:13     | Noticed a yaktaur captain
 14325 | D:13     | Noticed a lich
 14326 | D:13     | Noticed Ysi Cemn's ghost (journeyman GrEE)
 14346 | D:13     | Found a runed translucent door.
 14365 | D:13     | Received a gift from Trog
 14379 | D:13     | Got a twisted scimitar {god gift}
 14434 | D:13     | Noticed Jorgrun
 14441 | D:13     | Killed Jorgrun
 14505 | D:13     | Noticed a centaur warrior
 14509 | D:13     | Killed a centaur warrior
 14632 | D:13     | Reached XP level 14. HP: 95/115 MP: 14/14
 15266 | D:13     | Identified a scroll of acquirement
 15266 | D:13     | Acquired 700 gold pieces
 15612 | D:14     | Found a gate to the Vaults.
 16186 | D:14     | Acquired a scarf of resistance
 16367 | D:14     | Identified the +1 scimitar of Trog's Anger {flame, rF+
                  | Dex-4 SInv} (Trog gifted it to you on level 13 of the
                  | Dungeon)
 16789 | D:15     | Entered Level 15 of the Dungeon
 16818 | D:15     | Received a gift from Trog
 18021 | D:15     | Found a staircase to the Depths.
 18427 | Lair:1   | Entered Level 1 of the Lair of Beasts
 18631 | Lair:1   | Reached XP level 15. HP: 109/122 MP: 15/15
 19234 | Lair:2   | Reached skill level 1 in Axes
 20660 | Lair:3   | Found a hole to the Spider Nest.
 21376 | Lair:4   | Received a gift from Trog
 21386 | Lair:4   | Got a jewelled great sword {god gift}
 21749 | Lair:4   | Found a staircase to the Shoals.
 22668 | Lair:5   | Identified the +5 great sword of Certain Death {flame, MR-
                  | Str+9 Dex+7} (Trog gifted it to you on level 4 of the Lair
                  | of Beasts)
 23489 | Lair:5   | Found a staircase to the Slime Pits.
 23568 | Lair:6   | Entered Level 6 of the Lair of Beasts
 23960 | Lair:6   | Reached XP level 16. HP: 100/130 MP: 16/16
 24017 | Lair:6   | Received a gift from Trog
 24352 | Lair:6   | Got a transparent halberd
 24764 | Lair:6   | Noticed Josephine
 24771 | Lair:6   | Killed Josephine
 25341 | Lair:6   | Got an ancient whip
 25348 | Lair:6   | Identified the cursed +2 whip "Acist" {elec, Int+8 Dex-3}
                  | (You found it on level 6 of the Lair of Beasts)
 25818 | Orc:1    | Entered Level 1 of the Orcish Mines
 25823 | Orc:1    | Found Feaprus's Distillery.
 25833 | Orc:1    | Noticed Urug
 25849 | Orc:1    | Killed Urug
 26146 | Orc:2    | Entered Level 2 of the Orcish Mines
 26146 | Orc:2    | Noticed Nessos
 26149 | Orc:2    | Killed Nessos
 26178 | Orc:1    | Received a gift from Trog
 26628 | Orc:2    | Found a roughly hewn altar of Beogh.
 26828 | Orc:2    | Found a roughly hewn altar of Beogh.
 26913 | Orc:2    | Found a roughly hewn altar of Beogh.
 26913 | Orc:2    | Found Afesyusk's Weapon Emporium.
 27026 | Orc:2    | Found a runed translucent door.
 27040 | Orc:2    | Found a staircase to the Elven Halls.
 27045 | Orc:2    | Found the +10 tower shield of Ignorance {rN+ Int-4}
 27278 | Orc:2    | Found a roughly hewn altar of Beogh.
 27294 | Orc:2    | Found Ischum's Jewellery Emporium.
 27364 | Orc:2    | Bought a cursed amulet of inaccuracy for 36 gold pieces
 27405 | Orc:2    | Found a runed translucent door.
 28432 | Orc:2    | Found a roughly hewn altar of Beogh.
 28557 | Orc:2    | Found Ridias's Antique Armour Boutique.
 28558 | Orc:2    | Found a roughly hewn altar of Beogh.
 28561 | Orc:2    | Found Xawudgh's Antique Weapon Shop.
 28572 | Orc:2    | Bought a pair of fine boots for 266 gold pieces
 28582 | Orc:2    | Identified the +2 pair of boots "Weon Rai" {Int+8} (You
                  | bought it in a shop on level 2 of the Orcish Mines)
 28676 | D:12     | Reached skill level 5 in Axes
 28682 | D:12     | Killed kelmiir's ghost
 28822 | Spider:1 | Entered Level 1 of the Spider Nest
 29198 | Spider:1 | Got a wavering bronze ring
 29211 | Spider:1 | Received a gift from Trog
 29217 | Spider:1 | Reached XP level 17. HP: 107/137 MP: 14/17
 29765 | Spider:1 | Reached skill level 10 in Armour
 30624 | Spider:1 | Identified the ring "Osuaguloes" {MP+9 AC+4 Int+7} (You
                  | found it on level 1 of the Spider Nest)
 31228 | Spider:1 | Received a gift from Trog
 31679 | Spider:2 | Noticed Arachne
 32362 | Spider:1 | Killed Arachne
 32493 | Spider:2 | Noticed Louise
 32858 | Spider:2 | Killed Louise
 32858 | Spider:2 | Reached skill level 10 in Evocations
 33052 | Spider:2 | Received a gift from Trog
 33457 | Spider:3 | Reached skill level 10 in Dodging
 34503 | Spider:3 | Reached XP level 18. HP: 146/146 MP: 18/18
 35098 | Spider:4 | Entered Level 4 of the Spider Nest
 35167 | Spider:4 | Found a frozen archway.
 35171 | IceCv    | Entered an ice cave
 36295 | IceCv    | Noticed an Ice Fiend
 36301 | IceCv    | Killed an Ice Fiend
 36573 | Spider:4 | Noticed Asterion
 36581 | Spider:4 | Killed Asterion
 36581 | Spider:4 | Received a gift from Trog
 37026 | Spider:3 | Reached skill level 15 in Long Blades
 38256 | Spider:4 | Reached skill level 15 in Maces & Flails
 39042 | Spider:4 | Got a gossamer rune of Zot
 39525 | Shoals:1 | Entered Level 1 of the Shoals
 39823 | Shoals:1 | Noticed a kraken
 39831 | Shoals:1 | Slain by a tentacle

Illustrated notes

Levels and vault maps discovered:
D:1:      matt_arrival_diagonals, layout_basic, minmay_quantized
D:2:      layout_basic, led_sif_pool
D:3:      layout_rooms, bh_walls_and_bars
D:4:      layout_cave_pools, serial_shops, shop, hangedman_decor_peaks_small
D:5:      layout_loops_ring, grunt_ministairs_9, uniq_duvessa
D:6:      layout_layer_cave, minmay_temple_entry_glassed_door,
          minmay_manual_maat
D:7:      layout_cave_pools, overflow_temple_1_default
D:8:      layout_loops_ring, serial_shops, shop, grunt_ministairs_2,
          minmay_circle_x, uniq_harold
D:9:      layout_small_grid, grunt_temple_overflow_open, serial_shops, shop,
          uniq_joseph
D:10:     layout_cave_pools, minmay_fractal_squares_gapless_5
D:11:     layout_layer_cave, dpeg_lair_monsters, serial_shops, shop,
          gauntlet_entry_generic, chequers_jeans, item_on_display_a
D:12:     layout_basic, erik_orc_4, gammafunk_ghost_necromancy
D:13:     layout_roguey, muffindrake_ghost_dual_entry,
          kennysheep_generic_room_15, uniq_jorgrun
D:14:     layout_loops_ring, david_vaults_5, chequers_serial_rivers_small_3,
          minmay_liquid_box, minmay_tree_intersection
D:15:     hangedman_depths_entry_civil_slaughter, layout_loops_corners,
          grunt_decor_fettered
Temple:   regret_index_temple_generic_petals
Lair:1:   layout_chaotic_city
Lair:2:   layout_regular_city, chequers_serial_rivers_large_a, lemuel_fruit_tree
Lair:3:   layout_cave_pods, spider_nest_entry_web_field
Lair:4:   layout_regular_city, minmay_shoals_entry_beasts
Lair:5:   layout_roguey, dpeg_slime_entry_corner,
          chequers_serial_rivers_micro_a, disabler_island
Lair:6:   grunt_lair_end_beastmaster, layout_long_grid, serial_bayou,
          serial_bayou_pond_a, serial_bayou_lagoon_b, serial_bayou_pond_d,
          serial_bayou_pond_c, bobbens_dragon_lair_wall, uniq_josephine
Shoals:1: layout_shoals, serial_shops, nicolae_shop_window_shopping, shop
Spider:1: nicolae_spider_corner
Spider:2: layout_spider_delve, uniq_arachne, uniq_louise
Spider:3: layout_spider_delve
Spider:4: spider_rune_water, portal_ice_cave_entry_pillars_three, uniq_asterion
Orc:1:    layout_caves, serial_shops, nicolae_shop_statue_plus, uniq_urug
Orc:2:    grunt_orc_community_town_hall, layout_caves,
          grunt_orc_community_big_house_1, grunt_orc_community_big_house_1,
          grunt_orc_community_house_3, grunt_orc_community_house_2,
          grunt_orc_community_house_1, grunt_orc_community_house_2,
          chequers_guarded_unrand_ignorance, uniq_nessos

Skill      XL: |  1  2  3  4  5  6  7  8  9 10 11 12 13 14 15 16 17 18 |
---------------+-------------------------------------------------------+-----
Stealth        | 1 2 |  2.0
Long Blades    | 4 5 6 7 8 9 10 11 12 13 14 15 | 15.4
Maces & Flails | 1 4 8 9 10 11 12 13 14 15 | 15.2
Fighting       | 5 6 11 12 13 14 | 14.4
Armour         | 3 4 5 6 7 8 9 10 11 | 11.1
Evocations     | 1 3 4 5 6 7 8 9 10 | 10.7
Dodging        | 3 5 6 7 8 9 10 | 10.2
Axes           | 3 5 6 7 |  7.7

Action                   |  1- 3 |  4- 6 |  7- 9 | 10-12 | 13-15 | 16-18 || total
-------------------------+-------+-------+-------+-------+-------+-------++-------
Melee: Falchion          |    68 |   145 |    96 |       |       |       ||   309
       Short sword       |       |       |   213 |    10 |       |       ||   223
       Flail             |       |       |    19 |       |       |       ||    19
       War axe           |       |       |       |   273 |   929 |  1210 ||  2412
Throw: Stone             |     2 |     2 |     2 |       |     1 |     6 ||    13
       Throwing net      |       |       |       |       |       |     2 ||     2
Invok: Berserk           |     1 |     3 |     8 |     9 |    10 |    15 ||    46
       Brothers in Arms  |       |       |       |     1 |     5 |    10 ||    16
       Trog's Hand       |       |       |       |     1 |     4 |     5 ||    10
Evoke: Wand              |       |       |       |       |    39 |    76 ||   115
  Use: Scroll            |     5 |     2 |     7 |     7 |    14 |    19 ||    54
       Potion            |       |       |       |     2 |     1 |     7 ||    10
 Stab: Distracted        |       |       |       |     1 |     3 |       ||     4
       Petrified         |       |       |       |       |     4 |    12 ||    16
       Paralysed         |       |       |       |       |       |     7 ||     7
       Petrifying        |       |       |       |       |       |     3 ||     3
       Invisible         |       |       |       |       |       |     3 ||     3
Armor: Ring mail         |    31 |   111 |    50 |       |       |       ||   192
       Scale mail        |       |       |   124 |       |       |       ||   124
       Chain mail        |       |       |    56 |   138 |       |       ||   194
       Plate armour      |       |       |       |    90 |       |       ||    90
       Crystal plate arm |       |       |       |       |   971 |  1430 ||  2401
       Skin              |       |       |       |       |       |     6 ||     6
Dodge: Dodged            |    45 |   138 |   198 |   150 |   352 |   736 ||  1619
Block: Other             |       |       |       |       |    52 |    50 ||   102
       Rpst.: Falchion   |    11 |    35 |    20 |       |       |       ||    66

Table legend: (Time is in decaauts)
 A = Elapsed time spent in this place.
 B = Non-inter-level travel time spent in this place.
 C = Inter-level travel time spent in this place.
 D = Time resting spent in this place.
 E = Time spent auto-exploring this place.
 F = Levels seen in this place.
 G = Mean time per level.
                   A        B        C        D        E       F      G
               +--------+--------+--------+--------+--------+-----+--------+
         Total |  40291 |  38697 |   1594 |   1172 |  29487 |  31 | 1299.7 |
       Dungeon |  17408 |  16784 |    624 |    375 |  12765 |  15 | 1160.5 |
        Temple |      1 |      1 |      0 |      0 |      0 |   1 |    1.0 |
          Lair |   8391 |   7753 |    638 |    167 |   6084 |   6 | 1398.5 |
        Shoals |    126 |    126 |      0 |      0 |     10 |   1 |  126.0 |
   Spider Nest |   8803 |   8565 |    238 |    181 |   6757 |   4 | 2200.8 |
  Orcish Mines |   2841 |   2748 |     93 |      0 |   2159 |   2 | 1420.5 |
      Ice Cave |   1310 |   1310 |      0 |     89 |    867 |   1 | 1310.0 |
      Gauntlet |   1409 |   1409 |      0 |    358 |    843 |   1 | 1409.0 |
               +--------+--------+--------+--------+--------+-----+--------+

Top non-repeatable levels by time:
Spider:1: 3315 daAuts
Spider:4: 2384 daAuts
Spider:3: 2177 daAuts
   Orc:2: 2161 daAuts
  Lair:6: 2147 daAuts
     D:6: 1744 daAuts
    D:15: 1625 daAuts
  Lair:3: 1460 daAuts
    D:11: 1445 daAuts
Gauntlet: 1409 daAuts
  Lair:4: 1401 daAuts
     D:5: 1321 daAuts
   IceCv: 1310 daAuts
    D:14: 1307 daAuts
  Lair:2: 1307 daAuts
